| TOP OF THE 1ST |
|
Oakland Athletics batting - Pitching for Milwaukee Brewers : LHP Gary Lucas
|
|
Pitching: LHP Gary Lucas
|
|
|
Batting: RHB Willie Randolph
|
0-0: Called Strike 0-1: Ball 1-1: Ball 2-1: Foul Ball, location: 2F 2-2: Fly out, F9 (Flyball, 9LD, EV 103.8 MPH)
|
|
Batting: RHB Toby Harrah
|
0-0: Called Strike 0-1: Foul Ball, location: 2F 0-2: Foul Ball, location: 2F 0-2: Ball 1-2: Ground out 4-3 (Groundball, 4, EV 79.4 MPH)
|
|
Batting: LHB Ruppert Jones
|
0-0: Foul Ball, location: 2F 0-1: Ball 1-1: Ground out 6-3 (Groundball, 6, EV 80.6 MPH)
|
| Top of the 1st over - 0 runs, 0 hits, 0 errors, 0 left on base; Oakland 0 - Milwaukee 0 |
| BOTTOM OF THE 1ST |
|
Milwaukee Brewers batting - Pitching for Oakland Athletics : LHP Matthew Sutherland
|
|
Pitching: LHP Matthew Sutherland
|
|
|
Batting: SHB Alfredo Griffin
|
0-0: Ground out 4-3 (Groundball, 4, EV 96.9 MPH)
|
|
Batting: SHB Eddie Murray
|
0-0: Fly out, F8 (Flyball, 8LM, EV 90.6 MPH)
|
|
Batting: RHB Eric Davis
|
0-0: Called Strike 0-1: SINGLE (Groundball, 6MD, EV 101.9 MPH)
|
|
Batting: RHB Mike Schmidt
|
0-0: Ball Pickoff Throw to First - Out! 1-3
|
| Bottom of the 1st over - 0 runs, 1 hit, 0 errors, 0 left on base; Oakland 0 - Milwaukee 0 |
| TOP OF THE 2ND |
|
Oakland Athletics batting - Pitching for Milwaukee Brewers : LHP Gary Lucas
|
|
Batting: RHB George Hendrick
|
0-0: Called Strike 0-1: Swinging Strike 0-2: Foul Ball, location: 2F 0-2: Ball 1-2: Strikes out swinging
|
|
Batting: LHB Ben Oglivie
|
0-0: Fly out, F3 (Flyball, 3D, EV 89.4 MPH)
|
|
Batting: LHB Reggie Jackson
|
0-0: Ball 1-0: Swinging Strike 1-1: Fly out, F8 (Flyball, 8RS, EV 84.4 MPH)
|
| Top of the 2nd over - 0 runs, 0 hits, 0 errors, 0 left on base; Oakland 0 - Milwaukee 0 |
| BOTTOM OF THE 2ND |
|
Milwaukee Brewers batting - Pitching for Oakland Athletics : LHP Matthew Sutherland
|
|
Batting: RHB Mike Schmidt
|
0-0: SINGLE (Groundball, 56D, EV 100.6 MPH)
|
|
Batting: RHB Ken Landreaux
|
0-0: Swinging Strike 0-1: Swinging Strike 0-2: Ball 1-2: Foul Ball, location: 2F 1-2: Ball 2-2: Strikes out swinging
|
|
Batting: LHB Von Hayes
|
0-0: Fielders Choice at 2nd, 6-4 (Groundball, 6, EV 84.4 MPH)
|
|
Batting: RHB Glenn Davis
|
0-0: Ball Von Hayes is caught stealing 2nd base 2-4
|
| Bottom of the 2nd over - 0 runs, 1 hit, 0 errors, 0 left on base; Oakland 0 - Milwaukee 0 |
| TOP OF THE 3RD |
|
Oakland Athletics batting - Pitching for Milwaukee Brewers : LHP Gary Lucas
|
|
Batting: RHB Dave Henderson
|
0-0: Foul Ball, location: 2F 0-1: Swinging Strike 0-2: Ball 1-2: Ground out 6-3 (Groundball, 6, EV 91.3 MPH)
|
|
Batting: RHB Barry Foote
|
0-0: SINGLE (Flyball, 6D, EV 88.1 MPH)
|
|
Batting: RHB Scott Fletcher
|
0-0: SINGLE (Groundball, 25, EV 68.1 MPH) (infield hit) Barry Foote to second
|
|
Batting: RHB Willie Randolph
|
0-0: Ball 1-0: Ball 2-0: Called Strike 2-1: Ball 3-1: Fly out, F9 (Flyball, 9LM, EV 95.0 MPH)
|
|
Batting: RHB Toby Harrah
|
0-0: Swinging Strike 0-1: Swinging Strike 0-2: Fielders Choice at 2nd, U6 (Groundball, 6M, EV 100.6 MPH)
|
| Top of the 3rd over - 0 runs, 2 hits, 0 errors, 2 left on base; Oakland 0 - Milwaukee 0 |
| BOTTOM OF THE 3RD |
|
Milwaukee Brewers batting - Pitching for Oakland Athletics : LHP Matthew Sutherland
|
|
Batting: RHB Glenn Davis
|
0-0: Foul Ball, location: 2F 0-1: Called Strike 0-2: Ball 1-2: Ball 2-2: Fly out, F8 (Flyball, 8RXD, EV 79.4 MPH)
|
|
Batting: RHB Kevin Buckley
|
0-0: Called Strike 0-1: Swinging Strike 0-2: Fly out, F7 (Flyball, 7S, EV 80.6 MPH)
|
|
Batting: RHB Steve Sax
|
0-0: Ball 1-0: Ball 2-0: Fly out, F9 (Flyball, 89S, EV 84.4 MPH)
|
| Bottom of the 3rd over - 0 runs, 0 hits, 0 errors, 0 left on base; Oakland 0 - Milwaukee 0 |
| TOP OF THE 4TH |
|
Oakland Athletics batting - Pitching for Milwaukee Brewers : LHP Gary Lucas
|
|
Batting: LHB Ruppert Jones
|
0-0: Called Strike 0-1: Ball 1-1: SINGLE (Groundball, 34D, EV 109.4 MPH)
|
|
Batting: RHB George Hendrick
|
0-0: Fly out, F8 (Line Drive, 8RM, EV 91.9 MPH)
|
|
Batting: LHB Ben Oglivie
|
0-0: Ball Ruppert Jones steals 2nd base 1-0: Ball 2-0: SINGLE (Groundball, 4MD, EV 111.3 MPH) Ruppert Jones to third Runner from 3rd tries for Home, SAFE, throw by CF to home
|
|
Batting: LHB Reggie Jackson
|
0-0: Ball 1-0: Called Strike 1-1: Foul Ball, location: 2F 1-2: Hit by Pitch Ben Oglivie to second
|
|
Batting: RHB Dave Henderson
|
0-0: Called Strike 0-1: Ball 1-1: Foul Ball, location: 2F 1-2: Ball Wild Pitch! Ben Oglivie to third Reggie Jackson to second 2-2: Ground out U3 (Groundball, 34, EV 106.9 MPH) Ben Oglivie scores Reggie Jackson to third
|
|
Batting: RHB Barry Foote
|
0-0: Ball 1-0: Ball 2-0: SINGLE (Line Drive, 8RS, EV 100.0 MPH) Reggie Jackson scores
|
|
Batting: RHB Scott Fletcher
|
0-0: Swinging Strike 0-1: Swinging Strike 0-2: Ground out 1-3 (Groundball, 23, EV 66.9 MPH)
|
| Top of the 4th over - 3 runs, 3 hits, 0 errors, 1 left on base; Oakland 3 - Milwaukee 0 |
| BOTTOM OF THE 4TH |
|
Milwaukee Brewers batting - Pitching for Oakland Athletics : LHP Matthew Sutherland
|
|
Batting: SHB Alfredo Griffin
|
0-0: SINGLE (Groundball, 34S, EV 89.4 MPH) (infield hit)
|
|
Batting: SHB Eddie Murray
|
0-0: Fly out, F3 (Popup, 23F, EV 92.5 MPH)
|
|
Batting: RHB Eric Davis
|
0-0: Ball 1-0: SINGLE (Flyball, 5D, EV 84.4 MPH) Alfredo Griffin to second
|
|
Batting: RHB Mike Schmidt
|
0-0: Fly out, F7 (Flyball, 7S, EV 91.3 MPH)
|
|
Batting: RHB Ken Landreaux
|
0-0: Ball 1-0: Called Strike 1-1: Called Strike 1-2: Ball 2-2: Ball 3-2: SINGLE (Groundball, 6D, EV 103.1 MPH) Alfredo Griffin to third Eric Davis to second Alfredo Griffin scores Eric Davis to third
|
|
Batting: LHB Von Hayes
|
0-0: Called Strike 0-1: Called Strike 0-2: Ball 1-2: Foul Ball, location: 2F 1-2: Foul Ball, location: 2F 1-2: Ball 2-2: Strikes out swinging passed ball, reaches first! Eric Davis scores Ken Landreaux to second
|
|
Batting: RHB Glenn Davis
|
0-0: Called Strike 0-1: Ball 1-1: Swinging Strike 1-2: Ball 2-2: Strikes out swinging
|
| Bottom of the 4th over - 2 runs, 3 hits, 0 errors, 2 left on base; Oakland 3 - Milwaukee 2 |
| TOP OF THE 5TH |
|
Oakland Athletics batting - Pitching for Milwaukee Brewers : LHP Gary Lucas
|
|
Batting: RHB Willie Randolph
|
0-0: Ball 1-0: Swinging Strike 1-1: Swinging Strike 1-2: Ball 2-2: Strikes out looking
|
|
Batting: RHB Toby Harrah
|
0-0: Fly out, F7 (Line Drive, 7, EV 110.0 MPH)
|
|
Batting: LHB Ruppert Jones
|
0-0: Ball 1-0: Called Strike 1-1: Swinging Strike 1-2: Foul Ball, location: 2F 1-2: Ball 2-2: Ground out U3 (Groundball, 34, EV 103.1 MPH)
|
| Top of the 5th over - 0 runs, 0 hits, 0 errors, 0 left on base; Oakland 3 - Milwaukee 2 |
| BOTTOM OF THE 5TH |
|
Milwaukee Brewers batting - Pitching for Oakland Athletics : LHP Matthew Sutherland
|
|
Batting: RHB Kevin Buckley
|
0-0: Fly out, F8 (Flyball, 8LD, EV 85.0 MPH)
|
|
Batting: RHB Steve Sax
|
0-0: Ball 1-0: Foul Ball, location: 2F 1-1: Swinging Strike 1-2: Fly out, F7 (Line Drive, 7, EV 98.1 MPH)
|
|
Batting: SHB Alfredo Griffin
|
0-0: Called Strike 0-1: Foul Ball, location: 2F 0-2: Ball 1-2: Foul Ball, location: 2F 1-2: Strikes out swinging
|
| Bottom of the 5th over - 0 runs, 0 hits, 0 errors, 0 left on base; Oakland 3 - Milwaukee 2 |
| TOP OF THE 6TH |
|
Oakland Athletics batting - Pitching for Milwaukee Brewers : LHP Gary Lucas
|
|
Batting: RHB George Hendrick
|
0-0: Called Strike 0-1: Ball 1-1: SINGLE (Line Drive, 9S, EV 105.0 MPH)
|
|
Batting: LHB Ben Oglivie
|
0-0: Called Strike 0-1: Ball 1-1: Fly out, F7 (Flyball, 7S, EV 88.8 MPH)
|
|
Batting: LHB Reggie Jackson
|
0-0: Ball 1-0: Ball 2-0: Called Strike 2-1: Fly out, F8 (Flyball, 8RD, EV 93.1 MPH)
|
|
Batting: RHB Dave Henderson
|
0-0: Ball 1-0: Called Strike 1-1: Swinging Strike 1-2: Foul Ball, location: 2F 1-2: Foul Ball, location: 2F 1-2: Strikes out looking
|
| Top of the 6th over - 0 runs, 1 hit, 0 errors, 1 left on base; Oakland 3 - Milwaukee 2 |
| BOTTOM OF THE 6TH |
|
Milwaukee Brewers batting - Pitching for Oakland Athletics : LHP Matthew Sutherland
|
|
Batting: SHB Eddie Murray
|
0-0: Foul Ball, location: 2F 0-1: Ball 1-1: Ball 2-1: Ball 3-1: Foul Ball, location: 2F 3-2: Foul Ball, location: 2F 3-2: Strikes out looking
|
|
Batting: RHB Eric Davis
|
0-0: Foul Ball, location: 2F 0-1: Ball 1-1: Ball 2-1: Called Strike 2-2: Ball 3-2: SOLO HOME RUN (Flyball, 7LD, EV 105.0 MPH), Distance : 393 ft
|
|
Batting: RHB Mike Schmidt
|
0-0: Ball 1-0: SOLO HOME RUN (Flyball, 89XD, EV 93.1 MPH), Distance : 439 ft
|
|
Batting: RHB Ken Landreaux
|
0-0: Ball 1-0: Ground out 3-1 (Groundball, 34, EV 90.6 MPH)
|
|
Batting: LHB Von Hayes
|
0-0: Ball 1-0: Ball 2-0: Swinging Strike 2-1: Swinging Strike 2-2: Foul Ball, location: 2F 2-2: Foul Ball, location: 2F 2-2: Ball 3-2: Strikes out swinging
|
| Bottom of the 6th over - 2 runs, 2 hits, 0 errors, 0 left on base; Oakland 3 - Milwaukee 4 |
| TOP OF THE 7TH |
|
Oakland Athletics batting - Pitching for Milwaukee Brewers : LHP Gary Lucas
|
|
Batting: RHB Barry Foote
|
0-0: Ball 1-0: Called Strike 1-1: Ball 2-1: Swinging Strike 2-2: Strikes out swinging
|
|
Batting: RHB Scott Fletcher
|
0-0: Foul Ball, location: 2F 0-1: Ground out 4-3 (Groundball, 4, EV 108.8 MPH)
|
|
Batting: RHB Willie Randolph
|
0-0: SINGLE (Line Drive, 78S, EV 106.3 MPH)
|
|
Batting: RHB Toby Harrah
|
0-0: Ball 1-0: Foul Ball, location: 2F 1-1: Ball 2-1: Foul Ball, location: 2F 2-2: Foul Ball, location: 2F 2-2: Foul Ball, location: 2F 2-2: Ball 3-2: SINGLE (Line Drive, 89M, EV 110.6 MPH) Willie Randolph to second Willie Randolph to third
|
|
Batting: LHB Ruppert Jones
|
0-0: Ball 1-0: Called Strike 1-1: Ball 2-1: Swinging Strike 2-2: Ball 3-2: Base on Balls Toby Harrah to second
|
|
Batting: RHB George Hendrick
|
0-0: Ball 1-0: SINGLE (Groundball, 5D, EV 106.3 MPH) Willie Randolph scores Toby Harrah to third Ruppert Jones to second Runner from 3rd tries for Home, SAFE, throw by LF to home
|
|
Pitching: LHP Jordan Ortiz
|
|
|
Batting: LHB Ben Oglivie
|
0-0: Ball 1-0: Called Strike George Hendrick is caught stealing 2nd base 2-6 Ruppert Jones steals 3rd base
|
| Top of the 7th over - 2 runs, 3 hits, 0 errors, 1 left on base; Oakland 5 - Milwaukee 4 |
| BOTTOM OF THE 7TH |
|
Milwaukee Brewers batting - Pitching for Oakland Athletics : LHP Matthew Sutherland
|
|
Batting: RHB Glenn Davis
|
0-0: Called Strike 0-1: Ball 1-1: Fly out, F9 (Flyball, 9LD, EV 95.6 MPH)
|
|
Batting: RHB Kevin Buckley
|
0-0: Reached on error, E6 (Groundball, 6, EV 100.0 MPH)
|
|
Batting: RHB Steve Sax
|
0-0: Called Strike 0-1: Ball 1-1: Foul Ball, location: 2F 1-2: Fly out, F7 (Line Drive, 7S, EV 88.8 MPH)
|
|
Batting: SHB Alfredo Griffin
|
0-0: Called Strike 0-1: Ground out 4-3 (Groundball, 3, EV 85.6 MPH)
|
| Bottom of the 7th over - 0 runs, 0 hits, 1 error, 1 left on base; Oakland 5 - Milwaukee 4 |
| TOP OF THE 8TH |
|
Oakland Athletics batting - Pitching for Milwaukee Brewers : LHP Jordan Ortiz
|
|
Batting: LHB Ben Oglivie
|
0-0: Ground out 2-3 (Groundball, 15S, EV 75.0 MPH)
|
|
Batting: LHB Reggie Jackson
|
0-0: Called Strike 0-1: Ball 1-1: Called Strike 1-2: Ball 2-2: Strikes out swinging
|
|
Batting: RHB Dave Henderson
|
0-0: Ball 1-0: Called Strike 1-1: Swinging Strike 1-2: Ball 2-2: Strikes out looking
|
| Top of the 8th over - 0 runs, 0 hits, 0 errors, 0 left on base; Oakland 5 - Milwaukee 4 |
| BOTTOM OF THE 8TH |
|
Milwaukee Brewers batting - Pitching for Oakland Athletics : LHP Matthew Sutherland
|
|
Batting: SHB Eddie Murray
|
0-0: Ball 1-0: Foul Ball, location: 2F 1-1: Ball 2-1: Ball 3-1: Base on Balls
|
|
Batting: RHB Eric Davis
|
0-0: Foul Ball, location: 2F 0-1: Ball 1-1: Ball 2-1: Ball 3-1: Foul Ball, location: 2F 3-2: Foul Ball, location: 2F 3-2: Fly out, F8 (Flyball, 8LS, EV 85.0 MPH)
|
|
Batting: RHB Mike Schmidt
|
0-0: Swinging Strike 0-1: Ball 1-1: Ball 2-1: Ball 3-1: Base on Balls Eddie Murray to second
|
|
Pitching: LHP Bob Falcon
|
|
|
Batting: RHB Ken Landreaux
|
0-0: Ball 1-0: Called Strike 1-1: Ball 2-1: SINGLE (Groundball, 4M, EV 102.5 MPH) (infield hit) Eddie Murray to third Mike Schmidt to second
|
|
Batting: LHB Von Hayes
|
0-0: Ball 1-0: Grounds into double play, 4-2-3 (Groundball, 4, EV 108.1 MPH)
|
| Bottom of the 8th over - 0 runs, 1 hit, 0 errors, 2 left on base; Oakland 5 - Milwaukee 4 |
| TOP OF THE 9TH |
|
Oakland Athletics batting - Pitching for Milwaukee Brewers : LHP Jordan Ortiz
|
|
Batting: RHB Barry Foote
|
0-0: Called Strike 0-1: Ball 1-1: Foul Ball, location: 2F 1-2: Ball 2-2: Foul Ball, location: 2F 2-2: SINGLE (Groundball, P, EV 85.0 MPH) (infield hit)
|
|
Batting: RHB Scott Fletcher
|
0-0: Ball 1-0: Ball 2-0: Foul Ball, location: 2F 2-1: Swinging Strike 2-2: SINGLE (Groundball, 4MD, EV 100.6 MPH) Barry Foote to second Runner from 2nd tries for 3rd, SAFE, throw by CF made to third Scott Fletcher to second
|
|
Batting: RHB Willie Randolph
|
0-0: Ball 1-0: Called Strike 1-1: Swinging Strike 1-2: Ball 2-2: 3-RUN HOME RUN (Flyball, 7D, EV 96.9 MPH), Distance : 378 ft
|
|
Pitching: RHP Carlos Martinez
|
|
|
Batting: RHB Toby Harrah
|
0-0: Swinging Strike 0-1: Ball 1-1: Swinging Strike 1-2: Fly out, F7 (Flyball, 7D, EV 83.8 MPH)
|
|
Batting: LHB Ruppert Jones
|
0-0: Called Strike 0-1: Called Strike 0-2: Ball 1-2: Foul Ball, location: 2F 1-2: Fly out, F7 (Flyball, 7S, EV 95.6 MPH)
|
|
Batting: RHB George Hendrick
|
0-0: Called Strike 0-1: Ball 1-1: Ground out 6-3 (Groundball, 6, EV 84.4 MPH)
|
| Top of the 9th over - 3 runs, 3 hits, 0 errors, 0 left on base; Oakland 8 - Milwaukee 4 |
| BOTTOM OF THE 9TH |
|
Milwaukee Brewers batting - Pitching for Oakland Athletics : LHP Bob Falcon
|
|
Batting: RHB Glenn Davis
|
0-0: Called Strike 0-1: Foul Ball, location: 2F 0-2: Ball 1-2: Fly out, F7 (Line Drive, 7, EV 101.9 MPH)
|
|
Batting: RHB Kevin Buckley
|
0-0: Ball 1-0: Ball 2-0: Ball 3-0: Called Strike 3-1: Base on Balls
|
|
Batting: RHB Steve Sax
|
0-0: Called Strike 0-1: SINGLE (Groundball, 34D, EV 103.1 MPH) Kevin Buckley to second
|
|
Batting: SHB Alfredo Griffin
|
0-0: Called Strike 0-1: Ball 1-1: Ball 2-1: Grounds into double play, 6-4-3 (Groundball, 6, EV 106.3 MPH)
|
| Bottom of the 9th over - 0 runs, 1 hit, 0 errors, 1 left on base; Oakland 8 - Milwaukee 4 |
|